 Dungeon Crawl Stone Soup version 0.26-a0-6-g448add79b7 (webtiles) character file.

Game seed: 18074573156358392544, levelgen mode: deterministic

8881 Essalna the Arsonist (level 11, -8/92 HPs)
             Began as a Hill Orc Fire Elementalist on May 24, 2020.
             Was a Follower of Vehumet.
             Mangled by a skeletal warrior
             ... wielding a +3 short sword
             ... led by a skeletal warrior
              (19 damage)
             ... on level 7 of the Dungeon.
             The game lasted 00:33:49 (14648 turns).

Essalna the Arsonist (Hill Orc Fire Elementalist)  Turns: 14648, Time: 00:33:49

Health: -8/92      AC: 11    Str: 17    XL:     11   Next: 37%
Magic:  1/20       EV: 13    Int: 21    God:    Vehumet [*.....]
Gold:   694        SH:  4    Dex: 11    Spells: 14/22 levels left

rFire    + + .     SeeInvis .   g - +5 dagger (holy)
rCold    x . .     Gourm    .   G - +0 buckler
rNeg     . . .     Faith    .   F - +0 robe of Youthful Indiscretion {rF+ Str+5 Int+3}
rPois    .         Spirit   .   v - +0 helmet
rElec    .         Reflect  .   m - +2 cloak
rCorr    .         Harm     .   (no gloves)
MR       .....                  (no boots)
Stlth    ++........             (no amulet)
HPRegen  0.25/turn              e - +4 ring of protection
MPRegen  0.17/turn              z - ring of fire

@: no status effects
A: no striking features
a: Renounce Religion


You were on level 7 of the Dungeon.
You worshipped Vehumet.
Vehumet was aware of your devotion.
You were very hungry.

You visited 2 branches of the dungeon, and saw 11 of its levels.
You also visited: Sewer.

You collected 694 gold pieces.

Inventory:

Hand Weapons
 g - a +5 dagger of holy wrath (weapon)
Armour
 a - a +1 robe
 d - a +0 cloak
 m - a +2 cloak (worn)
 v - a +0 helmet (worn)
 D - a +2 robe of cold resistance
 F - the +0 robe of Youthful Indiscretion (worn) {rF+ Str+5 Int+3}
   (You found it on level 7 of the Dungeon)

   It affects your strength (+5).
   It affects your intelligence (+3).
   It protects you from fire.
 G - a +0 buckler (worn)
Jewellery
 e - a +4 ring of protection (left hand)
 f - an uncursed ring of attention
 q - a cursed amulet of inaccuracy
 x - an uncursed ring of teleportation
 z - a ring of fire (right hand)
 E - an uncursed ring of positive energy {unknown}
Wands
 w - a wand of paralysis (4)
 y - a wand of flame (31)
Scrolls
 b - 8 scrolls of identify
 i - 5 scrolls of immolation
 n - 2 scrolls of random uselessness
 r - 4 scrolls of magic mapping
 s - 5 scrolls of teleportation
 t - 3 scrolls of amnesia
 u - a scroll of enchant weapon
 C - 2 scrolls of remove curse
 H - a scroll of fear
 I - a scroll of vulnerability {unknown}
Potions
 h - 2 potions of brilliance {unknown}
 j - a potion of invisibility {unknown}
 k - a potion of heal wounds {unknown}
 l - 4 potions of curing {unknown}
 o - a potion of cancellation {unknown}
 p - a potion of ambrosia {unknown}
 A - 2 potions of lignification {unknown}
 B - 4 potions of flight {unknown}
 J - 2 potions of degeneration {unknown}
Comestibles
 c - 23 rations


   Skills:
 + Level 7.4 Fighting
 + Level 6.7 Armour
 - Level 4.0 Dodging
 - Level 1.5 Stealth
 - Level 4.0 Shields
 + Level 6.4 Spellcasting
 + Level 8.0 Conjurations
 + Level 9.3 Fire Magic


You had 14 spell levels left.
You knew the following spells:

 Your Spells              Type           Power        Failure   Level  Hunger
a - Foxfire               Conj/Fire      ####         1%          1    None
b - Inner Flame           Hex/Fire       #####...     4%          3    #......
c - Sticky Flame          Conj/Fire      ######..     2%          4    ###....

Your spell library contained the following spells:

 Spells                   Type           Power        Failure   Level  Hunger
 Magic Dart               Conj           ####         1%          1    None
 Conjure Flame            Conj/Fire      ######..     1%          3    #......
 Fireball                 Conj/Fire      ######....   8%          5    #####..


Dungeon Overview and Level Annotations

Branches:
Dungeon (10/15)            Temple (1/1) D:5           Sewer (visited)
   Lair: D:8-11         Orc: D:9-12

Altars:
Ashenzari
Cheibriados
Dithmenos
Elyvilon
Fedhas
Gozag
Hepliaklqana
Kikubaaqudgha
Makhleb
Nemelex Xobeh
Okawaru
Qazlal
Ru
Sif Muna
Trog
Uskayaw
Vehumet
Wu Jian
Xom
Yredelemnul
Zin
The Shining One


Message History

The skeletal warrior burns!
The skeletal warrior barely misses you.
You hit the skeletal warrior but do no damage.
The skeletal warrior is severely damaged.
The skeletal warrior burns!
The skeletal warrior hits you with a +3 short sword!
You hit the skeletal warrior but do no damage.
The skeletal warrior is almost destroyed.
The skeletal warrior burns!
The skeletal warrior hits you with a +3 short sword!!
* * * LOW HITPOINT WARNING * * *
You hit the skeletal warrior but do no damage.
The skeletal warrior is almost destroyed.
The skeletal warrior burns!
The skeletal warrior stops burning.
The skeletal warrior hits you with a +3 short sword.
* * * LOW HITPOINT WARNING * * *
You hit the skeletal warrior but do no damage.
The skeletal warrior is almost destroyed.
You are feeling very hungry.
The skeletal warrior hits you with a +3 short sword!!
You die...

#.# ########## #.#
#........# #)# #........#
########## #.# #........#
#........######(# #........#
#..............(. #........#
#........######[#
#........###.............#.#
#........'.@z...............
#........###(#######.###...#
#..[.....# #.# ###'####.##
######.### #.# #......#.##
#[#####.#####......#.#.
#>....[................
#############......#.#.
#......#.#. #......#.#.


You could see a skeletal warrior.

Vanquished Creatures
  2 two-headed ogres (D:9)
  Pikel (D:8)
  3 gargoyles (D:9)
  A troll (D:9)
  A hippogriff (D:7)
  Sigmund (D:4)
  2 yaks (D:9)
  A hungry ghost (D:9)
  A porcupine (D:9)
  5 orc warriors
  2 black bears
  An ice beast (D:9)
  4 ogres (D:7)
  2 phantoms
  4 centaurs
  10 big kobolds
  4 bullfrogs
  A gnoll sergeant (D:8)
  10 killer bees
  6 wights
  5 howler monkeys
  5 crimson imps
  A bullfrog zombie (D:5)
  2 jellies
  Crazy Yiuf (D:2)
  5 orc priests
  3 bullfrog skeletons
  A centaur skeleton (D:8)
  3 hounds
  2 iguanas (D:5)
  8 worker ants
  11 orc wizards
  A killer bee zombie (D:9)
  A hound zombie (D:6)
  A mummy (D:9)
  2 hound skeletons
  15 gnolls
  2 worker ant zombies
  13 adders
  3 river rats (Sewer)
  A shadow imp (D:8)
  4 adder zombies
  4 oozes
  2 adder skeletons
  4 worms
  A leopard gecko (D:4)
  36 orcs
  8 giant cockroaches
  9 goblins
  4 hobgoblins
  18 jackals
  15 kobolds
  6 quokkas
  6 ball pythons
  4 bats
  3 frilled lizards
  A giant cockroach zombie (D:5)
  2 quokka skeletons (D:6)
  A quokka zombie (D:5)
  11 rats
287 creatures vanquished.

Vanquished Creatures (collateral kills)
  A jelly (D:5)
  An orc (D:6)
2 creatures vanquished.

Vanquished Creatures (others)
  3 slaves (D:8)
  A necrophage (D:8)
  A wight (D:8)
  A hound (D:8)
  A jelly (D:8)
  A howler monkey skeleton (D:8)
  An adder (D:8)
  1016 foxfires
  8 fungi (D:10)
  A plant (D:10)
1034 creatures vanquished.

Grand Total: 1323 creatures vanquished

Notes
Turn   | Place    | Note
-------+----------+-------------------------------------------
     0 | D:1      | Essalna the Hill Orc Fire Elementalist began the quest for
                  | the Orb.
     0 | D:1      | Reached XP level 1. HP: 14/14 MP: 3/3
   320 | D:1      | Reached XP level 2. HP: 20/20 MP: 4/4
  1015 | D:2      | Reached XP level 3. HP: 26/26 MP: 3/6
  1242 | D:2      | Found a runed translucent door.
  1243 | D:2      | Noticed Crazy Yiuf
  2119 | D:3      | Reached skill level 4 in Fire Magic
  2119 | D:3      | Reached XP level 4. HP: 33/33 MP: 1/7
  2133 | D:3      | Found a glowing drain.
  2208 | Sewer    | Entered a sewer
  2383 | Sewer    | Noticed a big kobold
  2383 | Sewer    | Noticed a big kobold
  2391 | Sewer    | Killed a big kobold
  2391 | Sewer    | Reached XP level 5. HP: 37/38 MP: 0/8
  2418 | Sewer    | Killed a big kobold
  2519 | Sewer    | Reached XP level 6. HP: 45/45 MP: 5/10
  2656 | Sewer    | Reached skill level 5 in Fire Magic
  2661 | Sewer    | Learned a level 3 spell: Inner Flame
  2666 | Sewer    | Learned a level 4 spell: Sticky Flame
  2825 | Sewer    | Reached XP level 7. HP: 50/50 MP: 0/12
  3388 | Sewer    | Reached skill level 6 in Fire Magic
  4519 | D:3      | Reached XP level 8. HP: 57/57 MP: 2/14
  4875 | D:4      | Reached skill level 5 in Conjurations
  5329 | D:4      | Reached skill level 1 in Armour
  5368 | D:4      | Reached skill level 1 in Fighting
  5478 | D:4      | Noticed Sigmund
  6009 | D:4      | Found a hide-covered altar of Uskayaw.
  6009 | D:4      | Found a glowing silver altar of Zin.
  6081 | D:4      | Killed Sigmund
  6144 | D:4      | Found a sparkling altar of Nemelex Xobeh.
  6307 | D:2      | Killed Crazy Yiuf
  6374 | D:5      | Entered Level 5 of the Dungeon
  6565 | D:5      | Found a staircase to the Ecumenical Temple.
  6575 | Temple   | Entered the Ecumenical Temple
  6891 | D:5      | Reached skill level 7 in Fire Magic
  7219 | D:5      | Reached XP level 9. HP: 57/69 MP: 15/15
  8404 | D:6      | Found a glowing golden altar of the Shining One.
  8925 | D:7      | Reached skill level 5 in Spellcasting
  9546 | D:7      | Reached skill level 8 in Fire Magic
  9815 | D:7      | Reached skill level 5 in Fighting
  9815 | D:7      | Reached XP level 10. HP: 81/81 MP: 8/17
  9957 | D:7      | Got a brightly glowing robe
  9974 | D:7      | Identified the +0 robe of Youthful Indiscretion {rF+ Str+5
                  | Int+3} (You found it on level 7 of the Dungeon)
 10400 | D:8      | Noticed Pikel
 10402 | D:8      | Reached skill level 5 in Armour
 10411 | D:8      | Killed Pikel
 10411 | D:8      | Reached skill level 1 in Shields
 10927 | D:8      | Found a radiant altar of Vehumet.
 10969 | D:8      | Became a worshipper of Vehumet
 11885 | D:9      | Noticed a two-headed ogre
 11915 | D:9      | Killed a two-headed ogre
 12281 | D:9      | Noticed a two-headed ogre
 12305 | D:9      | Killed a two-headed ogre
 12305 | D:9      | Reached skill level 9 in Fire Magic
 12305 | D:9      | Reached XP level 11. HP: 91/91 MP: 7/20
 12504 | D:9      | Reached * piety under Vehumet
 12504 | D:9      | Offered knowledge of Magic Dart by Vehumet.
 13022 | D:9      | Found an opulent altar of Gozag.
 13062 | D:10     | Entered Level 10 of the Dungeon
 13064 | D:10     | Noticed a skeletal warrior
 13064 | D:10     | Noticed a skeletal warrior
 13279 | D:10     | Noticed a skeletal warrior
 13385 | D:10     | Noticed a skeletal warrior
 13497 | D:10     | Noticed a skeletal warrior
 14648 | D:7      | Mangled by a skeletal warrior

Illustrated notes

Levels and vault maps discovered:
D:1:      nicolae_arrival_somewhat_less_tricky_arrival, layout_loops_ring,
          minmay_tetromino_i4
D:2:      layout_basic, uniq_crazy_yiuf_cottage
D:3:      layout_basic, gup_sewer_entry_glass
D:4:      layout_gridville, gammafunk_temple_overflow_wave, first_ration,
          nemelex_spade_bored_becter, uniq_sigmund
D:5:      layout_gridville, minmay_temple_entry_crystal_x
D:6:      layout_cave_pools, basic_altar
D:7:      layout_basic
D:8:      layout_cave_pools, vehumet_crystals, chequers_serial_rivers_micro_c,
          chequers_mini_garden, blue_anna_alchemist [blue_anna_fruit_fields,
          blue_anna_fruit_fields], grunt_ministairs_12, hex_large,
          corexii_hall_statues_i, uniq_pikel
D:9:      layout_small_grid, grunt_gozag_statues, serial_undead,
          serial_undead_d, serial_undead_f, serial_undead_a, serial_undead_a,
          minmay_misc_feat_nine_boxes
D:10:     layout_loops_ring, grunt_lair_entry_orc_guard_hut, disabler_island,
          uniq_fannar
Temple:   dpeg_five_rooms_temple

Skill      XL: |  1  2  3  4  5  6  7  8  9 10 11 |
---------------+----------------------------------+-----
Spellcasting   | 2 3 4 5 6 |  6.4
Conjurations   | 2 3 4 5 6 7 8 |  8.0
Fire Magic     | 4 5 6 7 8 9 |  9.3
Armour         | 2 4 6 |  6.7
Fighting       | 3 5 6 7 |  7.4
Dodging        | 2 3 4 |  4.0
Shields        | 3 4 |  4.0
Stealth        | |  1.5

Action                   |  1- 3 |  4- 6 |  7- 9 | 10-12 || total
-------------------------+-------+-------+-------+-------++-------
Melee: Dagger            |    64 |    42 |   195 |    38 ||   339
       Unarmed           |     1 |       |       |       ||     1
 Cast: Foxfire           |    48 |    44 |   346 |   243 ||   681
       Sticky Flame      |       |       |     9 |    23 ||    32
       Inner Flame       |       |       |       |    17 ||    17
  Use: Scroll            |     3 |       |    11 |     2 ||    16
  Eat: Chunk             |     4 |     2 |    24 |    14 ||    44
       Ration            |       |       |       |     1 ||     1
Armor: Robe              |    24 |    27 |    88 |    37 ||   176
Dodge: Dodged            |    51 |    31 |   144 |    74 ||   300
Block: Buckler           |       |       |       |    21 ||    21

Table legend:
 A = Non-vault XP
 B = Vault XP
 C = Vault XP percentage of total XP
 D = Non-vault monster count
 E = Vault monster count
 F = Vault count percentage of total count
                 A         B        C        D         E       F
            +---------+---------+-------+---------+---------+-------
      Total |   10230 |    2458 |  19.4 |     240 |      49 |  17.0
            +---------+---------+-------+---------+---------+-------
        D:1 |      27 |       4 |  12.9 |      17 |       3 |  15.0
        D:2 |      37 |      44 |  54.3 |      17 |       1 |   5.6
        D:3 |     225 |      33 |  12.8 |      33 |       5 |  13.2
        D:4 |     452 |     242 |  34.9 |      29 |       1 |   3.3
        D:5 |     671 |       0 |   0.0 |      27 |       0 |   0.0
        D:6 |     512 |       0 |   0.0 |      16 |       0 |   0.0
        D:7 |    1961 |       0 |   0.0 |      31 |       0 |   0.0
        D:8 |    1380 |     831 |  37.6 |      41 |       4 |   8.9
        D:9 |    4833 |     416 |   7.9 |      26 |       7 |  21.2
       D:10 |     132 |       0 |   0.0 |       3 |       0 |   0.0
      Sewer |       0 |     888 | 100.0 |       0 |      28 | 100.0
            +---------+---------+-------+---------+---------+-------
